AoeStats
← Pirry

Black Forest

505332534Analyzed
1v1 RM · 24d ago on Sep 8, 2026· 41m 23s· 2 players
Game mode
Random Map
Map size
Tiny (2 player)
Population
200
Speed
Normal
Resources
Standard
Victory
Conquest
Starting age
Dark Age
Ending age
Imperial Age
RankedLock teamsTeams togetherTeam positionsShared explorationLock speedFull tech treeHidden civsTurbo modeCheats
Victory
Defeat
🇮🇳 Portuguese · India
320
+18
🇨🇴 Magyars · Colombia
374
-18
akashgoel0610
2:01 Loom
16:49 Feudal Age
17:34 Double-Bit Axe
17:43 Fishing Lines
18:58 Man-at-Arms
24:18 Castle Age
23:09 Arson
24:57 Gillnets
25:36 Bow Saw
26:55 Fletching
27:54 Bodkin Arrow
27:50 Town Watch
30:13 Wheelbarrow
30:03 Scale Mail Armor
30:08 Scale Barding Armor
30:15 Forging
30:16 Gambesons
33:01 Long Swordsman
33:02 Pikeman
34:04 Hand Cart
33:50 Town Patrol
37:16 Imperial Age
34:33 Horse Collar
35:12 Chain Mail Armor
35:40 Iron Casting
36:43 Padded Archer Armor
37:03 Chain Barding Armor
37:11 Heavy Plow
37:27 Elite Organ Gun
38:13 Circumnavigation
38:35 Bracer
39:40 Chemistry
39:05 Ballistics
38:43 Murder Holes
38:46 Stone Mining
38:47 Gold Mining
39:59 Arquebus
40:21 Conscription
40:10 Arquebus
39:48 Sappers
40:55 Halberdier
40:56 Two-Handed Swordsman
42:15 Plate Barding Armor
42:11 Plate Mail Armor
42:46 Blast Furnace
Pirry
14:26 Feudal Age
16:11 Double-Bit Axe
16:22 Stone Mining
17:21 Wheelbarrow
16:48 Horse Collar
18:53 Scale Mail Armor
22:47 Man-at-Arms
24:43 Fletching
28:22 Bloodlines
31:12 Castle Age
33:47 Bodkin Arrow
33:54 Padded Archer Armor
34:11 Thumb Ring
33:26 Crossbowman
33:27 Elite Skirmisher
35:01 Hand Cart
34:31 Town Watch
34:33 Loom
42:36 Imperial Age
41:40 Ballistics
41:09 Treadmill Crane
41:42 Masonry
Connection lost

Rejoining the realm…

Still unreachable

The connection could not be restored.

Session expired

The server has moved on; the page needs a fresh start.